 Dungeon Crawl Stone Soup version 0.29-a0-817-g9904bce7a6 (webtiles) character file.

Game seed: 12112775616360688200

49 blackman the Chopper (level 4, -3/35 HPs)
             Began as a Human Chaos Knight on July 5, 2022.
             Was a Plaything of Xom.
             Killed by divine providence
             ... invoked by an orc priest
              (13 damage)
             ... on level 3 of the Dungeon.
             The game lasted 00:03:03 (1667 turns).

blackman the Chopper (Human Chaos Knight)           Turns: 1667, Time: 00:03:04

Health: -3/35      AC:  4    Str: 18    XL:     4   Next: 1%
Magic:  4/4        EV: 11    Int: 12    God:    Xom [..*...]
Gold:   86         SH:  0    Dex: 13    Spells: 3/3 levels left

rFire   . . .      SeeInvis .   a - +0 hand axe (chaos)
rCold   . . .      Faith    .   (no shield)
rNeg    . . .      Spirit   .   k - +1 leather armour of the Onion {rPois Will+ Str+4}
rPois   +          Reflect  .   (no helmet)
rElec   .          Harm     .   (no cloak)
rCorr   .          Rampage  .   (no gloves)
Will    +....                   (no boots)
Stlth   +.........              (no amulet)
HPRegen 0.11/turn               (no ring)
MPRegen 0.09/turn               (no ring)

@: no status effects
A: no striking features
a: Renounce Religion


You were on level 3 of the Dungeon.
You worshipped Xom.
You were a toy of Xom.
You visited 1 branch of the dungeon, and saw 3 of its levels.

You collected 86 gold pieces.

Inventory:

Hand Weapons
 a - a +0 hand axe of chaos (weapon)
Armour
 b - a +2 leather armour
 k - the +1 leather armour of the Onion (worn) {rPois Will+ Str+4}
   (You found it on level 2 of the Dungeon)

   Str:       It affects your strength (+4).
   rPois:     It protects you from poison.
   Will:      It increases your willpower.
Magical Staves
 l - a staff of conjuration
Scrolls
 d - 2 scrolls of identify {unknown}
 e - 2 scrolls of teleportation {unknown}
 f - 2 scrolls of poison {unknown}
 g - 2 scrolls of immolation
 h - a scroll of blinking {unknown}
Potions
 i - a potion of haste {unknown}
 j - a potion of mutation {unknown}
Miscellaneous
 c - a piece from Xom's chessboard (15/15) (quivered)


   Skills:
 - Level 3.0 Fighting
 + Level 4.6 Axes
 - Level 2.0 Armour
 - Level 1.0 Dodging


You had 3 spell levels left.
You didn't know any spells.
Your spell library was empty.

Dungeon Overview and Level Annotations

Branches:
Dungeon (3/15)

Altars:


Message History

Key pressed, stopping explore.
Unknown command.
You see here 4 stones.
You see here a staff of conjuration.
l - a staff of conjuration Key pressed, stopping explore.
Found an escape hatch in the ceiling.
Found a stone staircase leading down.
No target in view!
You now have 86 gold pieces (gained 9).
Done exploring.
There is an escape hatch in the floor here.
You slide downwards.
The hatch slams shut behind you.
The orc shouts! 2 orc priests and 2 orcs come into view.
The orc priest shouts!
The orc shouts!
An adder comes into view.
An orc comes into view. It is wielding a +0 mace.
You closely miss the orc.
The orc priest mumbles some strange prayers to Beogh against you.
Beogh smites you! The orc barely misses you.
The orc shouts!
The adder hisses angrily.
You hit the orc but do no damage. The orc hits you with a +0 hand axe.
You barely miss the orc. You hit the orc priest.
The orc priest is moderately wounded.
You hit the orc. The orc hits you with a +0 hand axe.
The orc priest barely misses you.
You closely miss the orc priest.
The orc priest is moderately wounded.
You hit the orc but do no damage. The orc closely misses you.
The orc priest hits you with a +0 club.
You closely miss the orc priest.
The orc priest is moderately wounded.
You hit the orc but do no damage. You miss the adder.
The adder bites you but does no damage. The orc hits you with a +0 hand axe.
* * * LOW HITPOINT WARNING * * *
The orc priest mumbles some strange prayers to Beogh against you.
Beogh smites you!
You die...
Xom guffaws!

......#######
........... #
.....#... ..
....... ...
#..... ....
#..o. .....
#.So#o..#..
#..@oo....#
#..########
#.........
................
######.##....##.
.. ....+ ##.
....# #. ......
## ##....


You could see 2 orc priests, an adder and 3 orcs.

Vanquished Creatures
  An adder (D:2)
  A dart slug (D:2)
  A ball python (D:2)
  4 endoplasms
  A giant cockroach (D:1)
  2 goblins
  8 hobgoblins
  4 jackals (D:2)
  3 kobolds (D:2)
  A quokka (D:2)
  A bat (D:2)
  A frilled lizard (D:2)
  4 rats (D:2)
32 creatures vanquished.

Notes
Turn   | Place    | Note
-------+----------+-------------------------------------------
     0 | D:1      | blackman the Human Chaos Knight began the quest for the
                  | Orb.
     0 | D:1      | Reached XP level 1. HP: 18/18 MP: 1/1
    62 | D:1      | XOM: silly message
   184 | D:1      | XOM: divination: magic mapping
   188 | D:1      | Reached XP level 2. HP: 24/24 MP: 2/2
   414 | D:2      | Found a faded altar of an unknown god.
   416 | D:2      | XOM: divination: detect items
   559 | D:2      | XOM: silly message
   592 | D:2      | Reached skill level 4 in Axes
   592 | D:2      | Reached XP level 3. HP: 21/29 MP: 3/3
  1041 | D:2      | XOM: noise
  1076 | D:2      | Reached XP level 4. HP: 11/35 MP: 4/4
  1377 | D:2      | Identified the +1 leather armour of the Onion {rPois Will+
                  | Str+4}
  1667 | D:3      | Killed from afar by an orc priest

Illustrated notes

Levels and vault maps discovered:
D:1:      giann_wishing_wells, layout_rooms
D:2:      layout_rooms, hellmonk_ecumenical_altar_blasted
D:3:      cheibrodos_pilgrimage, layout_basic, grunt_temple_overflow_open

Skill      XL: |  1  2 |
---------------+-------+-----
Axes           | 4 |  4.6
Fighting       | |  3.0
Armour         | |  2.0
Dodging        | |  1.0

Action                   |  1- 3 |  4- 6 || total
-------------------------+-------+-------++-------
Melee: Hand axe          |   104 |     6 ||   110
       Punch             |     2 |       ||     2
Armor: Leather armour    |    32 |     1 ||    33
Dodge: Dodged            |    67 |     3 ||    70

Table legend: (Time is in decaauts)
 A = Elapsed time spent in this place.
 B = Non-inter-level travel time spent in this place.
 C = Inter-level travel time spent in this place.
 D = Time resting spent in this place.
 E = Time spent auto-exploring this place.
 F = Levels seen in this place.
 G = Mean time per level.
                   A        B        C        D        E       F      G
               +--------+--------+--------+--------+--------+-----+--------+
         Total |   1677 |   1522 |    155 |      0 |   1291 |   3 |  559.0 |
       Dungeon |   1677 |   1522 |    155 |      0 |   1291 |   3 |  559.0 |
               +--------+--------+--------+--------+--------+-----+--------+

Top non-repeatable levels by time:
     D:2: 1034 daAuts
     D:1: 635 daAuts
     D:3: 8 daAuts
